 Dungeon Crawl Stone Soup version 0.21.1-1-g345015f (webtiles) character file.

100 shakethe the Firebug (level 4, -3/24 HPs)
             Began as a Gargoyle Fire Elementalist on Feb 6, 2018.
             Slain by a worker ant (6 damage)
             ... on level 4 of the Dungeon.
             The game lasted 00:09:42 (2919 turns).

shakethe the Firebug (Gargoyle Fire Elementalist)   Turns: 2919, Time: 00:09:43

Health: -3/24      AC:  5    Str: 11    XL:     4   Next: 73%
Magic:  0/7        EV: 11    Int: 17    God:
Gold:   150        SH:  0    Dex: 10    Spells: 0/8 levels left

rFire    . . .     SeeInvis .   d - +0 club
rCold    . . .     Gourm    .   (no shield)
rNeg     + . .     Faith    .   a - +0 robe
rPois    ∞         Spirit   .   (no helmet)
rElec    +         Reflect  .   (no cloak)
rCorr    .         Harm     +   (no gloves)
MR       +....                  (no boots)
Stlth    +.........             h - amulet of harm
HPRegen  0.08/turn              i - ring of protection from magic
MPRegen  0.10/turn              (no ring)

@: very slightly contaminated, heavily drained
A: negative energy resistance 1, electricity resistance, unbreathing,
petrification resistance, rot immunity, AC +3
a: no special abilities


You were on level 4 of the Dungeon.
You were not hungry.

You visited 1 branch of the dungeon, and saw 4 of its levels.

You collected 150 gold pieces.

Inventory:

Hand Weapons
 d - a +0 club (weapon)
Armour
 a - a +0 robe (worn)
Jewellery
 h - an amulet of harm (around neck)
 i - a ring of protection from magic (left hand)
 s - an uncursed amulet of faith
Scrolls
 e - a scroll of remove curse
 f - a scroll of blinking {unknown}
 g - 4 scrolls of identify {unknown}
 j - a scroll of noise {unknown}
 l - 5 scrolls of teleportation {unknown}
 n - a scroll of magic mapping {unknown}
 p - 3 scrolls of fear {unknown}
Potions
 k - a potion of haste {unknown}
 m - 2 potions of curing {unknown}
 o - a potion of berserk rage {unknown}
 q - a potion of degeneration {unknown}
Books
 b - a book of Flames

   Spells                             Type                      Level
   a - Flame Tongue                   Conjuration/Fire             1
   b - Throw Flame                    Conjuration/Fire             2
   c - Conjure Flame                  Conjuration/Fire             3
   d - Inner Flame                    Hexes/Fire                   3
   e - Sticky Flame                   Conjuration/Fire             4
   f - Fireball                       Conjuration/Fire             5
 r - a book of Cantrips

   Spells                             Type                      Level
   a - Confusing Touch                Hexes                        1
   b - Animate Skeleton               Necromancy                   1
   c - Summon Small Mammal            Summoning                    1
   d - Apportation                    Translocation                1
Comestibles
 c - 5 rations
 t - 6 chunks of flesh


   Skills:
 + Level 0.5(0.0) Maces & Flails
 - Level 1.5(0.0) Dodging
 - Level 2.1(0.6) Stealth
 + Level 2.5(1.0) Spellcasting
 + Level 1.9(0.4) Conjurations
 * Level 4.6(2.9) Fire Magic


You couldn't memorise any spells.
You knew the following spells:

 Your Spells              Type           Power        Failure   Level  Hunger
a - Flame Tongue          Conj/Fire      #....        11%         1    ##.....
b - Conjure Flame         Conj/Fire      #.......     32%         3    ####...
c - Sticky Flame          Conj/Fire      #.......     71%         4    #####..


Dungeon Overview and Level Annotations

Branches:
Dungeon (4/15)
 Temple: D:4-7

Altars:

Annotations:
D:3 Sigmund


Innate Abilities, Weirdness & Mutations

You are resistant to torment.
Your stone body is resilient. (AC +3)
You are immune to poison.
You resist negative energy. (rN+)
You are resistant to electric shocks. (rElec)
You can survive without breathing.
You are immune to petrification.
You are immune to rotting.


Message History

Aim: a worker ant (heavily wounded)
The flame tongue misses the worker ant.
The worker ant barely misses you. The worker ant misses you.
The iguana bites you but does no damage.
Casting: Flame Tongue
Confirm with . or Enter, or press ? or * to list all spells.
You don't have enough magic to cast that spell.
Unknown command.
Casting: Flame Tongue
Confirm with . or Enter, or press ? or * to list all spells.
You don't have enough magic to cast that spell.
Unknown command.
You barely miss the worker ant.
The worker ant is heavily wounded.
The worker ant bites you. The iguana bites you!
* * * LOW HITPOINT WARNING * * *
You completely miss the worker ant.
The worker ant is heavily wounded.
The worker ant bites you.
You die...

............#
...........#
...........##
#............
#a#..........
#.#..........
##########.#..l.......
.......<.....a@.#
#######.##.###..#
#.##.# #..# ..##..
...# .####>...... ..
#..#...## .. #..##.##
... #..##..


You could see an iguana and a worker ant.

Vanquished Creatures
  2 adders (D:2)
  An ooze (D:1)
  4 worms
  2 dart slugs (D:1)
  A leopard gecko (D:2)
  An orc (D:3)
  6 bats
  2 giant cockroaches
  8 goblins
  9 hobgoblins
  4 jackals (D:2)
  A ball python (D:1)
  5 frilled lizards
  5 kobolds
  8 rats
59 creatures vanquished.

Notes
Turn   | Place    | Note
-------+----------+-------------------------------------------
     0 | D:1      | shakethe the Gargoyle Fire Elementalist began the quest for the Orb.
     0 | D:1      | Reached XP level 1. HP: 10/10 MP: 3/3
   241 | D:1      | Reached XP level 2. HP: 13/15 MP: 3/5
   614 | D:1      | Reached XP level 3. HP: 19/19 MP: 4/6
   646 | D:1      | Reached skill level 4 in Fire Magic
  1498 | D:2      | Reached XP level 4. HP: 24/24 MP: 2/7
  2164 | D:2      | Learned a level 3 spell: Conjure Flame
  2169 | D:2      | Learned a level 4 spell: Sticky Flame
  2331 | D:3      | Noticed Sigmund
  2919 | D:4      | Slain by a worker ant

Skill      XL: |  1  2  3 |
---------------+----------+-----
Fire Magic     | 4 |  4.6
Maces & Flails | |  0.5
Dodging        | |  1.5
Stealth        | |  2.1
Spellcasting   | |  2.5
Conjurations   | |  1.9

Action                   |  1- 3 |  4- 6 || total
-------------------------+-------+-------++-------
Melee: Club              |    39 |    38 ||    77
       Unarmed           |     1 |       ||     1
 Cast: Flame Tongue      |    49 |    44 ||    93
  Use: Scroll            |       |     1 ||     1
 Stab: Sleeping          |     1 |       ||     1
  Eat: Chunk             |     3 |     2 ||     5
       Ration            |       |     1 ||     1
Armor: Robe              |    18 |    21 ||    39
Dodge: Dodged            |    38 |    67 ||   105
